 Dungeon Crawl Stone Soup version 0.31-a0-1005-gfbdfbacc72 (webtiles) character file.

Game seed: 4929221923092199932

673 IcyTea the Cudgeller (level 7, -2/52 HPs)
             Began as a Demonspawn Fighter on Nov 11, 2023.
             Slain by a gnoll
             ... wielding a +0 whip
             ... led by a gnoll bouda
              (5 damage)
             ... on level 5 of the Dungeon.
             The game lasted 00:11:16 (4436 turns).

IcyTea the Cudgeller (Demonspawn Fighter)           Turns: 4436, Time: 00:11:16

Health: -2/52      AC: 13    Str: 18    XL:     7   Next: 33%
Magic:  7/7        EV:  7    Int:  9    God:
Gold:   139        SH:  5    Dex: 13    Spells: 6/6 levels left

rFire   . . .        w - +0 morningstar
rCold   . . .        c - +1 buckler
rNeg    . . .        x - +0 chain mail
rPois   .            v - +0 helmet
rElec   .            l - +0 cloak
rCorr   .            (no gloves)
SInv    .            (no boots)
Will    +....        (no amulet) Stlth
                     b - ring of willpower
HPRegen 0.28/turn    (no ring)
MPRegen 0.10/turn

%: no passive effects
@: weakened
A: yellow scales 1, demonic touch 1
a: no special abilities


You were on level 5 of the Dungeon.
You visited 2 branches of the dungeon, and saw 6 of its levels.

You collected 253 gold pieces.
You spent 114 gold pieces at shops.

Inventory:

Hand Weapons
 a - a +1 flail
 w - a +0 morningstar (weapon)
Armour
 c - a +1 buckler (worn)
 l - a +0 cloak (worn)
 v - a +0 helmet (worn)
 x - a +0 chain mail (worn)
Jewellery
 b - a ring of willpower (left hand)
Wands
 s - a wand of acid (7)
Scrolls
 e - a scroll of amnesia
 h - 4 scrolls of teleportation
 i - 2 scrolls of enchant weapon
 t - a scroll of silence {unknown}
 u - a scroll of revelation
Potions
 d - 2 potions of might
 f - 2 potions of curing
 g - 2 potions of haste {unknown}
 j - a potion of heal wounds {unknown}
 k - a potion of lignification {unknown}
 m - a potion of brilliance {unknown}
 n - a potion of enlightenment {unknown}
 o - 3 potions of magic {unknown}
 q - 3 potions of attraction {unknown}
 r - a potion of degeneration {unknown}
 z - a potion of berserk rage {unknown}


   Skills:
 - Level 3.0 Fighting
 + Level 7.6 Maces & Flails
 - Level 2.6 Armour
 - Level 2.6 Shields


You had 6 spell levels left.
You didn't know any spells.
Your spell library contained the following spells:

 Spells                   Type           Power      Damage    Failure   Level
 Kiss of Death            Conj/Necr      0%         2d5       99%         1
 Sandblast                Erth           0%         2d4       99%         1
 Slow                     Hex            0%         N/A       99%         1
 Passwall                 Tmut/Erth      0%         N/A       100%        2
 Sublimation of Blood     Necr           0%         N/A       100%        2
 Confusing Touch          Hex            0%         N/A       100%        3
 Dazzling Flash           Conj/Hex       0%         N/A       100%        3
 Sigil of Binding         Hex            0%         N/A       100%        3
 Stone Arrow              Conj/Erth      0%         3d7       100%        3
 Vampiric Draining        Necr           0%         2d6       100%        3
 Brom's Barrelling Bould  Conj/Erth      0%         2d3       100%        4
 Dispel Undead            Necr           0%         3d6       100%        4
 Petrify                  Tmut/Erth      0%         N/A       100%        4
 Agony                    Necr           0%         N/A       100%        5
 Irradiate                Conj/Tmut      0%         3d11      100%        5
 Silence                  Hex/Air        0%         N/A       100%        5


Dungeon Overview and Level Annotations

Branches:
Dungeon (5/15)             Temple (1/1) D:4

Altars:
Ashenzari
Cheibriados
Dithmenos
Fedhas
Gozag
Hepliaklqana
Nemelex Xobeh
Qazlal
Ru
Sif Muna
Trog
Uskayaw
Vehumet
Wu Jian
Xom
Yredelemnul

Shops:
D:2 =   D:3 :   D:4 *

Annotations:
Temple 4 transporters


Innate Abilities, Weirdness & Mutations

You are partially covered in yellow scales. (AC +2)
Your touch may inflict minor irresistible damage on your foes.


Message History

The gnoll bouda hits you but does no damage.
You hit the gnoll bouda but do no damage.
The gnoll bouda is severely wounded.
You block the gnoll's attack. The gnoll hits you but does no damage.
You block the gnoll bouda's attack.
You barely miss the gnoll bouda.
The gnoll bouda is severely wounded.
The gnoll hits you but does no damage. The gnoll completely misses you.
The gnoll bouda barks out a call to the hunt!
The gnoll picks up the pace!
You block the gnoll's attack.
Aiming: Corrosive Bolt
Press: ? - help, Shift-Dir - straight line, f - gnoll bouda
Aim: a gnoll bouda, wielding a +0 whip and wearing a +0 robe (severely wounded, 75% to hit)
The bolt of acid misses the gnoll bouda.
The gnoll barely misses you. You block the gnoll bouda's attack.
The gnoll hits you from afar with a +0 spear.
* * * LOW HITPOINT WARNING * * *
The gnoll is no longer moving quickly.
Things that are here:
a +0 club; 6 gold pieces The gnoll bouda attacks as it pursues you!
The gnoll bouda hits you but does no damage.
The gnoll attacks as it pursues you! The gnoll hits you but does no damage.
The gnoll bouda gazes fiercely through you!
You feel your attacks grow feeble.
The gnoll bouda barks out a call to the hunt!
The gnoll picks up the pace!
The gnoll bouda gazes fiercely through you!
You feel as though you will be weak longer.
The gnoll hits you with a +0 whip.
* * * LOW HITPOINT WARNING * * *
There is an open door here.
The gnoll attacks as it pursues you! The gnoll hits you with a +0 whip.
* * * LOW HITPOINT WARNING * * *
As you read the scroll of fog, it dissolves into smoke.
The gnoll hits you with a +0 whip.
* * * LOW HITPOINT WARNING * * *
The gnoll attacks as it pursues you! The gnoll hits you with a +0 whip.
You die...

....##...#####...##.##
#..# #.
....'......#......'.#
#.## #.
##......#......### #.#
#. #...)..s#.......#
#.# #.
#.....†.g§......# #.#
#. #.....).#§§§§§..#
#.## ##.
##......#§§g§§.####
#.># ###..
..'......#§§g§g.'..#
##.###...#
..##...#####§§@###.#
#.##..### ... #.#'#
#'#§# # #....## ..
###.. ...### #...###
.. ...... #...#
....... ..>.##
.......+ #.#####
......## #


You could see a gnoll bouda and 2 gnolls.

Vanquished Creatures
  Sigmund (D:3)
  An ice beast (D:5)
  3 wights (D:5)
  Crazy Yiuf (D:2)
  An iguana (D:4)
  4 gnolls
  5 adders
  2 worms
  4 dart slugs
  21 orcs
  3 bats
  6 endoplasms
  4 giant cockroaches
  8 goblins
  8 hobgoblins
  3 jackals (D:3)
  7 kobolds
  3 quokkas
  6 ball pythons
  4 frilled lizards
  2 rats (D:1)
97 creatures vanquished.

Notes
Turn   | Place    | Note
-------+----------+-------------------------------------------
     0 | D:1      | IcyTea the Demonspawn Fighter began the quest for the Orb.
     0 | D:1      | Reached XP level 1. HP: 18/18 MP: 1/1
   187 | D:1      | Reached skill level 2 in Maces & Flails
   299 | D:1      | Gained mutation: You are partially covered in yellow
                  | scales. (AC +2) [demonic ancestry]
   299 | D:1      | Reached XP level 2. HP: 24/24 MP: 2/2
   646 | D:1      | Reached skill level 3 in Maces & Flails
  1020 | D:2      | Found Borurao's One-of-a-Kind Rings.
  1055 | D:2      | Reached XP level 3. HP: 19/29 MP: 3/3
  1282 | D:2      | Found a faded altar of an unknown god.
  1471 | D:2      | Found a runed translucent door.
  1472 | D:2      | Noticed Crazy Yiuf
  1641 | D:3      | Reached XP level 4. HP: 19/35 MP: 4/4
  1730 | D:3      | Found Eckufumm's Book Boutique.
  1744 | D:3      | Reached skill level 4 in Maces & Flails
  2021 | D:3      | Found a basalt altar of Yredelemnul.
  2025 | D:3      | Noticed Sigmund
  2064 | D:3      | Killed Sigmund
  2065 | D:3      | Reached skill level 5 in Maces & Flails
  2065 | D:3      | Reached XP level 5. HP: 20/41 MP: 5/5
  2065 | D:3      | Reached XP level 6. HP: 23/47 MP: 6/6
  2465 | D:3      | Found a sparkling altar of Nemelex Xobeh.
  2626 | D:3      | Reached skill level 6 in Maces & Flails
  2654 | D:3      | Found a blossoming altar of Fedhas.
  2820 | D:2      | Killed Crazy Yiuf
  3078 | D:4      | Found a staircase to the Ecumenical Temple.
  3090 | Temple   | Found a transporter.
  3090 | Temple   | Found a transporter.
  3090 | Temple   | Found a transporter.
  3090 | Temple   | Found a transporter.
  3090 | Temple   | Entered the Ecumenical Temple
  3283 | D:4      | Found Evofesid's General Store.
  3293 | D:4      | Bought a scroll of identify for 24 gold pieces
  3293 | D:4      | Bought a scroll of revelation for 90 gold pieces
  3871 | D:5      | Entered Level 5 of the Dungeon
  3968 | D:5      | Reached skill level 7 in Maces & Flails
  3968 | D:5      | Gained mutation: Your touch may inflict minor irresistible
                  | damage on your foes. [demonic ancestry]
  3968 | D:5      | Reached XP level 7. HP: 12/49 MP: 7/7
  4436 | D:5      | Slain by a gnoll

Illustrated notes

Levels and vault maps discovered:
D:1:      roderic_lyre, layout_basic, hangedman_decor_points,
          chequers_serial_rivers_marsh
D:2:      layout_rooms, shapermc_ecumenical_altar_gd, nicolae_shop_unique_rings,
          corexii_hall_statues_u, uniq_crazy_yiuf_cottage
D:3:      layout_basic, mainiacjoe_overflow_surrounded_room,
          yredelemnul_altar_generic, nemelex_xobeh_ov_fountains_minmay,
          serial_shops, shop, uniq_sigmund
D:4:      layout_basic, nicolae_elyvilon_temple_path, minmay_temple_entry_wispy,
          serial_shops, shop
D:5:      nicolae_cairo_tiling_very_big, layout_basic, uniq_duvessa
Temple:   hellmonk_temple_divided_pantheon

Skill      XL: |  1  2  3  4  5  6 |
---------------+-------------------+-----
Maces & Flails | 2 3 5 7 |  7.6
Fighting       | |  3.0
Armour         | |  2.6
Shields        | |  2.6

Action                     |  1- 3 |  4- 6 |  7- 9 || total
---------------------------+-------+-------+-------++-------
  Melee: Flail             |   150 |   136 |       ||   286
         Morningstar       |       |    45 |    54 ||    99
  Evoke: Wand              |       |     1 |     1 ||     2
    Use: Potion            |       |     1 |       ||     1
         Scroll            |       |     6 |     1 ||     7
 Armour: Scale mail        |    97 |   100 |       ||   197
         Chain mail        |       |     2 |    53 ||    55
  Dodge: Dodged            |    64 |    73 |    32 ||   169
  Block: Buckler           |    33 |    23 |    26 ||    82

Table legend: (Time is in decaauts)
 A = Elapsed time spent in this place.
 B = Non-inter-level travel time spent in this place.
 C = Inter-level travel time spent in this place.
 D = Time resting spent in this place.
 E = Time spent auto-exploring this place.
 F = Levels seen in this place.
 G = Mean time per level.
                   A        B        C        D        E       F      G
               +--------+--------+--------+--------+--------+-----+--------+
         Total |   4528 |   4257 |    271 |    406 |   2386 |   6 |  754.7 |
       Dungeon |   4514 |   4243 |    271 |    406 |   2386 |   5 |  902.8 |
        Temple |     13 |     13 |      0 |      0 |      0 |   1 |   13.0 |
               +--------+--------+--------+--------+--------+-----+--------+

Top non-repeatable levels by time:
     D:3: 1306 daAuts
     D:1: 1029 daAuts
     D:2: 803 daAuts
     D:4: 793 daAuts
     D:5: 581 daAuts
  Temple: 13 daAuts
